AoeStats
← Valeier

Arabia

507823398Analyzed
1v1 RM · 13d ago on Sep 19, 2026· 22m 48s· 2 players
Game mode
Random Map
Map size
Tiny (2 player)
Population
200
Speed
Normal
Resources
Standard
Victory
Conquest
Starting age
Dark Age
Ending age
Imperial Age
RankedLock teamsTeams togetherTeam positionsShared explorationLock speedFull tech treeHidden civsTurbo modeCheats
Victory
Defeat
🇸🇪 Malay · Sweden
1541
+13
🇭🇺 Georgians · Hungary
1485
-13
Hrafn_the_Berzerker
5:09 Loom
8:56 Feudal Age
9:46 Double-Bit Axe
16:37 Fletching
19:07 Wheelbarrow
19:45 Padded Archer Armor
21:01 Horse Collar
24:47 Castle Age
23:03 Gold Mining
Valeier
7:15 Loom
10:05 Feudal Age
10:11 Horse Collar
10:54 Man-at-Arms
14:53 Double-Bit Axe
17:07 Fletching
23:35 Castle Age
23:16 Bodkin Arrow
Connection lost

Rejoining the realm…

Still unreachable

The connection could not be restored.

Session expired

The server has moved on; the page needs a fresh start.